 Dungeon Crawl Stone Soup version 0.31-a0-799-g6bc09d010c (webtiles) character file.

Game seed: 10301367114613845968

33 Essalna the Conjurer (level 3, 0/24 HPs)
             Began as a Demonspawn Conjurer on Sept 19, 2023.
             Succumbed to an adder's poison
             ... on level 2 of the Dungeon.
             The game lasted 00:01:22 (1301 turns).

Essalna the Conjurer (Demonspawn Conjurer)          Turns: 1301, Time: 00:01:22

Health: 0/24       AC:  2    Str:  7    XL:     3   Next: 12%
Magic:  7/7        EV: 17    Int: 21    God:
Gold:   32         SH:  4    Dex: 11    Spells: 6/7 levels left

rFire   . . .        f - +2 short sword (speed)
rCold   . . .        (no shield)
rNeg    . . .        a - +0 robe
rPois   .            (helmet restricted)
rElec   .            (no cloak)
rCorr   .            (no gloves)
SInv    .            (no boots)
Will    .....        (no amulet)
Stlth   ++           j - +5 ring of evasion
HPRegen 0.24/turn    (no ring)
MPRegen 0.10/turn

%: no passive effects
@: lethally poisoned (0 -> -1)
A: horns 1, condensation shield
a: no special abilities


You were on level 2 of the Dungeon.
You visited 1 branch of the dungeon, and saw 2 of its levels.

You collected 32 gold pieces.

Inventory:

Hand Weapons
 d - a +0 whip
 f - a +2 short sword of speed (weapon)
Armour
 a - a +0 robe (worn)
Jewellery
 j - a +5 ring of evasion (left hand)
Scrolls
 e - 2 scrolls of identify {unknown}
 g - a scroll of blinking {unknown}
 h - a scroll of amnesia {unknown}
 k - a scroll of vulnerability {unknown}
Potions
 b - a potion of magic
 c - 2 potions of attraction {unknown}
 i - a potion of cancellation {unknown}


   Skills:
 - Level 1.7 Dodging
 - Level 1.7 Stealth
 + Level 2.8 Spellcasting
 + Level 4.5 Conjurations


You had 6 spell levels left.
You knew the following spells:

 Your Spells              Type           Power      Damage    Failure   Level
a - Magic Dart            Conj           88%        1d7       1%          1

Your spell library contained the following spells:

 Spells                   Type           Power      Damage    Failure   Level
 Searing Ray              Conj           44%        2d6       3%          2
 Dazzling Flash           Conj/Hex       24%        N/A       16%         3
 Fulminant Prism          Conj/Hex       6%         3d7       47%         4
 Iskenderun's Mystic Bla  Conj/Tloc      12%        2d5       47%         4


Dungeon Overview and Level Annotations

Branches:
Dungeon (2/15)

Altars:


Innate Abilities, Weirdness & Mutations

You have a pair of small horns on your head.
A meltable shield of frost defends you. (SH +4)


Message History

You block the adder's attack. The adder barely misses you.
You block the adder's attack. The adder bites you but does no damage.
The adder barely misses you. x2
The adder misses you. You block the adder's attack. The adder misses you.
You block the adder's attack. The adder bites you.
You are poisoned.
The adder poisons you!
You feel sick. The adder bites you but does no damage.
You feel sick. The adder closely misses you.
You feel sick. The adder misses you. The adder bites you but does no damage.
You feel sick. The adder bites you.
You are more poisoned.
The adder poisons you!
You feel sick. The adder completely misses you.
You feel sick. You block the adder's attack.
The adder bites you but does no damage.
You feel sick. You block the adder's attack.
You feel sick. The adder completely misses you.
You feel sick. The adder barely misses you. The adder misses you.
You feel sick. You block the adder's attack.
You feel sick.
You are no longer poisoned.
The adder bites you.
* * * LOW HITPOINT WARNING * * *
The adder misses you. The adder barely misses you.
The adder closely misses you. The adder bites you.
* * * LOW HITPOINT WARNING * * *
You are lethally poisoned!
The adder poisons you!
* * * LOW HITPOINT WARNING * * *
You feel sick. The adder misses you.
* * * LOW HITPOINT WARNING * * *
You feel sick. The adder closely misses you. x2
* * * LOW HITPOINT WARNING * * *
You feel sick. The adder misses you.
You die...

#.......# #.#
#.......# #.# .#
#.......# #.# .#
#.......####.# .#
#.......'....# .#
#.......###..##.#
######### ##..#.#
.# #....# ..#
#.#@S# #.# #.#..#
#.# #.#..# #.#
#.#..###.######
#..............
####......#####
#.##.....<.#
#.#........#
#†#..#..>#.#


You could see an adder.

Vanquished Creatures
  An adder (D:2)
  A worm (D:2)
  A ball python (D:1)
  3 bats
  4 endoplasms
  2 giant cockroaches (D:1)
  A goblin (D:1)
  A hobgoblin (D:1)
  2 kobolds (D:1)
  A quokka (D:1)
  A frilled lizard (D:1)
  A rat (D:1)
19 creatures vanquished.

Notes
Turn   | Place    | Note
-------+----------+-------------------------------------------
     0 | D:1      | Essalna the Demonspawn Conjurer began the quest for the
                  | Orb.
     0 | D:1      | Reached XP level 1. HP: 13/13 MP: 3/3
   373 | D:1      | Gained mutation: A meltable shield of frost defends you.
                  | (SH +4) [demonic ancestry]
   373 | D:1      | Reached XP level 2. HP: 19/19 MP: 3/5
  1190 | D:2      | Gained mutation: You have a pair of small horns on your
                  | head. [demonic ancestry]
  1190 | D:2      | Reached XP level 3. HP: 24/24 MP: 2/7
  1300 | D:2      | HP: 1/24 [poisoned by an adder]
  1301 | D:2      | Succumbed to an adder's poison

Illustrated notes

Levels and vault maps discovered:
D:1:      dpeg_arrival_simpleton_c, layout_basic
D:2:      layout_basic, chequers_ecumenical_altar_simple_redux

Action                     || total
---------------------------++-------
  Melee: Short sword       ||     5
   Cast: Magic Dart        ||    40
 Armour: Robe              ||     9
  Dodge: Dodged            ||    20
  Block: Other             ||     9

Table legend: (Time is in decaauts)
 A = Elapsed time spent in this place.
 B = Non-inter-level travel time spent in this place.
 C = Inter-level travel time spent in this place.
 D = Time resting spent in this place.
 E = Time spent auto-exploring this place.
 F = Levels seen in this place.
 G = Mean time per level.
                   A        B        C        D        E       F      G
               +--------+--------+--------+--------+--------+-----+--------+
         Total |   1297 |   1239 |     58 |     35 |   1082 |   2 |  648.5 |
       Dungeon |   1297 |   1239 |     58 |     35 |   1082 |   2 |  648.5 |
               +--------+--------+--------+--------+--------+-----+--------+

Top non-repeatable levels by time:
     D:1: 1006 daAuts
     D:2: 291 daAuts
